[Event "Match/Team URS-World 20,5-19,5"]
[Site "Belgrade"]
[Date "1970.04.02"]
[Round "3.10"]
[White "Ivkov, Borislav"]
[Black "Keres, Paul"]
[Result "1/2-1/2"]
[ECO "D34"]
[WhiteElo "2570"]
[BlackElo "2600"]
[Annotator "Ivkov/Keres"]
[PlyCount "95"]
[EventDate "1970.03.29"]
[EventType "team"]
[EventRounds "4"]
[EventCountry "YUG"]
[SourceTitle "MCL"]
[Source "ChessBase"]
[SourceDate "1999.07.01"]
[SourceVersion "1"]
[SourceVersionDate "1999.07.01"]
[SourceQuality "1"]
[WhiteTeam "Soviet Union"]
[BlackTeam "Soviet Union"]
[WhiteTeamCountry "URS"]
[BlackTeamCountry "URS"]
[TimeControl "40/9000:16/5400:0"]

1. Nf3 d5 2. c4 e6 3. d4 c5 4. cxd5 exd5 5. g3 Nc6 6. Bg2 Nf6 7. O-O Be7 8. Nc3
O-O 9. dxc5 (9. Bg5 $142 {Ivkov=:I}) 9... Bxc5 10. Bg5 $2 {I} (10. Na4 {I} Bb6
{Keres=:K}) 10... d4 $1 {I} 11. Bxf6 Qxf6 12. Ne4 Qe7 13. Nxc5 Qxc5 14. Qd2 Bg4
$1 {I} (14... Bf5 15. Qg5 {I/K} (15. b4)) ({Pertinent:} 14... Bf5 15. Qg5 f6
16. Rac1 Qa5 17. Qf4 g5 18. Qd2 Qb6 19. h4 h6 20. b4 Rad8 21. hxg5 hxg5 22.
Nxg5 fxg5 23. Qxg5+ Kh7 24. Rc5 Bg6 25. Be4 Rd6 26. Qh4+ Kg7 27. Bxg6 Rxg6 28.
Rh5 Qd8 29. Rh7+ Kg8 30. Rh8+ Kg7 31. Rh7+ Kg8 32. Rh8+ {1/2-1/2 (32) Uhlmann,
W-Ghitescu,T Sinaia 1964}) 15. Rac1 Qb6 16. Ng5 $5 {P e4-c5 I/K} Rad8 $146 {I}
(16... h6 17. Ne4 Rad8 (17... Rfe8 18. Rfe1 Rad8 19. Nc5 Rd6 {Keres}) 18. Nc5
Bc8 19. Rc4 Rfe8 20. Rfc1 Be6 21. Nxe6 Rxe6 22. Bxc6 bxc6 23. R1c2 Rxe2 24.
Qxe2 d3 25. Qe4 dxc2 26. Rxc2 Qa6 27. Qc4 Qxc4 28. Rxc4 Rd2 29. Rb4 a5 30. Rb8+
Kh7 31. a4 g5 32. h3 h5 33. Ra8 Rd5 34. Kg2 Kg6 35. Kf3 g4+ 36. hxg4 hxg4+ 37.
Kxg4 Rd4+ 38. f4 Rxa4 39. Ra6 Rb4 40. Rxc6+ f6 41. Rc2 a4 42. Kh4 Kh6 43. Rd2
Kg6 {1/2-1/2 (43) Ivkov,B-Minev,N Leipzig 1960}) 17. Qf4 (17. Ne4 d3 {I} (17...
Rfe8)) (17. Qd3 g6 18. Ne4 Bf5 19. Qd2 {I} Bxe4 20. Bxe4 Ne5 {K}) 17... Bh5 18.
Qh4 (18. Nxh7 Kxh7 (18... Rfe8) 19. Qh4 g6 20. g4 Kg7 21. gxh5 Rh8 {K}) 18...
Bg6 19. Be4 Ne5 $1 $15 {I/K} (19... Bxe4 20. Qxe4 g6 21. Qh4 {K}) (19... h6 20.
Bxg6 fxg6 21. Ne6 d3 $1 22. Nxf8 Nd4 $1 23. Ne6 $1 g5 24. Qe4 {K}) 20. Nxh7 $6
{I} (20. Bxg6 Qxg6 21. Qf4 Rfe8 22. Nf3 {K}) 20... Rfe8 (20... Bxe4 21. Qxe4 {K
}) 21. Ng5 (21. Bxg6 Qxg6 22. Ng5 d3 $1) 21... d3 $1 {K} (21... Bxe4 22. Qxe4
Ng6 23. Qf5 Qf6 {K}) 22. exd3 f5 (22... Nxd3 {I/K}) 23. Bg2 (23. Bh1 {I}) 23...
Rd4 24. Qh3 Nxd3 25. Nf3 $5 {I ? K} (25. Rc4 Nxf2 {I/K}) (25. Rc2 $1 Ne1 (25...
f4 26. Rc8) 26. Rc1 Rd2 27. Bd5+ $1 {K}) 25... Nxc1 26. Nxd4 Qxd4 27. Rxc1 Re2
28. Rf1 (28. Rc8+ Kf7 29. Rc7+ Ke6 {K}) 28... Rxb2 29. Bf3 Rxa2 (29... b5 30.
Bh5 $1 {I}) 30. Bxb7 a5 31. Qg2 $17 {I} Bf7 32. Qf3 g6 $6 {I} 33. h4 Ra1 (33...
Qe5 $142 {P a~/=a1 I}) 34. Rxa1 Qxa1+ 35. Kh2 (35. Kg2 $2 Qe5 36. Bc6 a4 $1 {I}
) 35... Qe5 (35... Qd4 36. h5 Qh8 (36... gxh5 37. Qxf5 a4 $1 {K}) 37. Kg2 {I})
(35... a4 {K}) 36. Bc6 Kg7 37. Qa3 f4 $2 {K} (37... Qe6 $142 {P a2 K}) 38. Qa4
fxg3+ (38... Qc5 39. Kg2 {I/K}) 39. fxg3 Qb2+ 40. Bg2 Qc3 (40... Qa2 41. Qd4+
Kg8 {K}) 41. Qb5 $1 {I adjourned} Qc7 (41... Qd2 {P 42... a2 K}) 42. h5 $1 {I/K
} (42. Qb2+ Kh7 (42... Kg8 43. Qd4) 43. Be4 Kg8 44. Qd4 {K}) 42... gxh5 43.
Qg5+ Kf8 44. Qh6+ Ke8 45. Bc6+ Ke7 46. Qg5+ Kd6 47. Bg2 $1 {I} Kd7 48. Qf6 $1 {
I Keres offered a draw.} (48. Bh3+ $2 Ke8 {I}) (48. Qb5+ $2 Ke7 49. Qg5+ Ke8
50. Qe3+ Qe7 51. Bc6+ Kf8 52. Qh6+ Kg8 {I}) 1/2-1/2

[Event "EU-ch 12th"]
[Site "Aix les Bains"]
[Date "2011.03.30"]
[Round "8"]
[White "Sargissian, Gabriel"]
[Black "Halkias, Stelios"]
[Result "1/2-1/2"]
[ECO "D34"]
[WhiteElo "2676"]
[BlackElo "2579"]
[Annotator "Marchand,A/Primel,D"]
[PlyCount "109"]
[EventDate "2011.03.22"]
[EventType "swiss"]
[EventRounds "11"]
[EventCountry "FRA"]
[SourceTitle "CBM 142 Extra"]
[Source "ChessBase"]
[SourceDate "2011.06.27"]
[SourceVersion "1"]
[SourceVersionDate "2011.06.27"]
[SourceQuality "1"]
[TimeControl "40/5400+30:1800+30"]

1. d4 d5 2. c4 e6 3. Nc3 c5 {La seule partie du tournoi alors que la défense
Tarrash revient pourtant un peu а la mode} 4. cxd5 (4. Nf3 $143 cxd4 $1 5. Nxd4
e5 $132) (4. e3 {Moins ambitieux} Nf6 5. Nf3 Nc6 (5... a6)) 4... exd5 5. Nf3
Nc6 6. g3 Nf6 7. Bg2 Be7 8. O-O O-O 9. Bg5 (9. dxc5 Bxc5 10. a3 Re8 (10... Be6 11. b4 Be7 12. Bb2 Rc8 13. Rc1 Qd7 14. e3 Rfd8 15.
Ne2 Ne4 16. Nf4 $14 {Mikhalchishin,A (2518)-Halkias,S (2560) Vidmar Memorial
15th 2003 (8) 1/2}) (10... Ne4 $5 11. Nxd5 (11. Qxd5 Nxc3 12. Qxc5 Nxe2+ 13.
Kh1 Nxc1 14. Raxc1 Qf6 $11) 11... Be6 12. Nc3 Nxc3 13. bxc3 Qxd1 14. Rxd1 Rad8
15. Bb2 (15. Bg5 f6) 15... Na5 $44 {[%csl Gc4];Bacrot,E (2706)-Delchev,A (2622)
EU-ch 13th Plovdiv 2012 (4) 1/2}) 11. b4 $14 {Barsov,A (2517)-Berelowitsch,A 
(2571) BL2-West 0506 2005 (3.1) 1/2}) (9. b3) 9... c4 (9... cxd4 {La grande
ligne mais c4 est la variante а la mode} 10. Nxd4 h6 11. Be3 Re8 12. Rc1 Bf8
13. Qb3 $5 (13. Nxc6) (13. a3 Bg4 14. h3 Be6 15. Nxe6 fxe6 16. f4 Kh8 {Juptner,
J (2364)-Orsag,M (2393) CZE-chT 1213 2012 (9.6) 1/2})) (9... h6 10. Bxf6 $5 (
10. Bf4 {Plus courant}) 10... Bxf6 11. dxc5 Bxc3 12. bxc3 Be6 13. Nd4 Qa5 14.
Qb3 Qxc5 15. e4 $36 {[%cal Gb3e6,Gd4e6];Panno,O 
(2570)-Ingolotti,J Pan American-chT 1971 (7.1) 1-0}) 10. Ne5 (
10. Rc1 h6 11. Bxf6 Bxf6 12. e4 $13) 10... Be6 11. b3 (11. Nxc6 bxc6 12. b3 Qa5
13. Qd2 (13. Qc2 Rfd8 14. e3 Rac8 15. bxc4 dxc4 16. Bxf6 $14 {Browne,W (2510)
-Cunningham,R (2355) USA 1996 1-0}) 13... Bb4 (13... Rad8 14. Rfd1 Bb4 15. Bxf6
) 14. Bxf6 gxf6 15. Rfc1 Rac8 16. a3 $1 Bxc3 17. Rxc3 cxb3 18. Qb2 c5 19. Rxb3
c4 20. Rb5 $14 {Likavsky,T (2480)-Velchev,H (2302) Belgrade Trophy 19th 2006 
(1) 1-0}) (11. f4 Ng4 12. Nxg4 (12. Bxe7 Nxe7 13. Qd2 (13. Nxg4)
13... f6 (13... Nxe5 $143 14. fxe5 Qd7 15. e4 $5 {Garcia Gonzales,G (2515)
-Braga,F (2410) Bayamo 1984 1/2} (15. e3 $5 {[%cal Gc3e2] C'était la première
fois que j'étais confronté а cette variante c5c4 ert comme mon adversaire
avait changé de répertoire , je n'avais rien révisé mais la nouveauté e3 est
intéressante afin de ramener le N vers l'aile-roi où les Blancs ont un
avantage d'espace.} Rab8 16. Ne2 Bh3 17. Nf4 $14 {[%cal Gf4h5,
Gh5g7,Gh5f6,Gf4h3,Gf1f2,Ga1f1];Primel,D-Bodicker,R (2170) Avoine 2012 (6) 1/2})
)) 12... Bxg4 13. Bxd5 Bxg5 14. fxg5 Qxg5 15. Rf4 $13 {Ivanchuk,V (2711)
-Grischuk,A (2702) FIDE GP Moscow rapid 2002 (5.4) 1/2}) (11. e3) 11... Qa5 (
11... Rc8 12. bxc4 dxc4 13. Rb1 Nxd4 (13... Qa5 14. Nxc6 {Harika,D (2445)
-Halkias,S (2564) Kavala op 2009 (9) 1/2}) 14. Rxb7 Bc5) 12. Qd2 Rad8 13. bxc4
(13. Nxc6 bxc6 14. Rfd1 (14. bxc4) 14... Bb4 15. Rdc1 $146 (15. Bxf6 gxf6 {
Bu Xiangzhi (2637)-Wang Rui (2474) Beijing zt 3.3 2005 (2) 1/2}) 15... c5 16.
Bxf6 gxf6 17. bxc4 $14 {Watson}) 13... Nxd4 (13... Bb4 {Gelfand,B (2714)
-Grischuk,A (2719) RUS-chT Sochi 2004 (7.1) 1-0}) 14. cxd5 {92} Bb4 (14... Qxc3
$5 15. Qxc3 Nxe2+ 16. Kh1 Nxc3 17. dxe6 fxe6 18. Bxb7 {Cvek,R (2518)-Litwak,A 
(2290) EU-Cup 25th Ohrid 2009 (2.5) 1-0}) 15. Bxf6 gxf6 16. Qxd4 Bxc3 17. Nc4
$146 ({RR} 17. Qh4 Bxd5 18. Ng4 Bxg2 19. Kxg2 Bxa1 20. Rxa1 Rd6 21. Nxf6+ Kg7
22. Nh5+ Kg8 23. Rd1 Rfd8 24. Qg4+ Kf8 25. Rxd6 Rxd6 26. Qg7+ Ke7 27. Qxh7 Qxa2
28. Nf4 Qc4 29. h4 a5 30. h5 a4 31. e4 a3 {Aleksandrov,A (2605)-Zamruk,A (2386)
/Minsk 2007/1/2-1/2 (39)}) 17... Bxd4 18. Nxa5 Bxa1 19. dxe6 Bc3 20. e7 Bxa5
21. exd8=Q Rxd8 22. Rb1 (22. Bxb7) 22... b6 23. Rc1 Rd7 24. Bh3 (24. Be4 Rd2 25. Rc2 Rxc2 $11 ) 24... Re7 25. e3
Bb4 26. Rc4 Bc5 27. Bf5 h6 28. Kg2 Re5 29. Rg4+ Kf8 30. Bc2 (30. e4) 30... Rd5
31. Kf1 (31. Bb3 Rd2 32. Kf3 $14) 31... Rd2 32. Rc4 Rd5
33. Ke2 Rh5 34. Be4 (34. h4) 34... Re5 (34... Rxh2 $6 35. Bf3 $1 {[%csl Gh5]
La Rh2 n'a plus de cases de repli} Kg7 (35... h5 36. Kf1 h4) 36. Kf1 ) 35. Bd3 Rh5 36. Ra4 a5 37. Rf4 Kg7 38. h4 Rd5 39. a4 Rd8 40. Rf5 Rd7 41.
g4 Be7 42. f4 Rc7 43. Rd5 Kf8 44. Bb5 Rc2+ 45. Kf3 Rc3 46. Rd7 Ra3 47. Ke4 Bc5
48. Kf5 Rxe3 49. Kxf6 Be7+ 50. Kf5 Bxh4 51. Rb7 Re6 52. Bc4 Rf6+ 53. Ke4 Bg3
54. f5 Bh4 55. Bd5 1/2-1/2

[Event "Sautron op 14th"]
[Site "Sautron"]
[Date "2014.10.25"]
[Round "6"]
[White "Ider, Borya"]
[Black "Dumitrache, Dragos Nicolae"]
[Result "0-1"]
[ECO "D34"]
[WhiteElo "2394"]
[BlackElo "2413"]
[Annotator "RR"]
[PlyCount "70"]
[EventDate "2014.10.26"]
[EventType "swiss"]
[EventRounds "9"]
[EventCountry "FRA"]
[SourceTitle "EXT 2015"]
[Source "ChessBase"]
[SourceDate "2014.11.20"]
[SourceVersion "1"]
[SourceVersionDate "2014.11.20"]
[SourceQuality "1"]
[TimeControl "40/5400+30:1800+30"]
[WhiteClock "0:20:57"]
[BlackClock "0:27:21"]

1. d4 Nf6 2. c4 e6 3. g3 c5 4. Nf3 d5 5. Bg2 Nc6 6. O-O Be7 7. cxd5 (7. Nc3 dxc4 {Aurait
continué de jouer une Catalane mais les Blancs choisissent de transposer dans
une Tarrasch} 8. Qa4 cxd4 9. Nxd4 Qxd4 10. Bxc6+) 7... exd5 (
7... Nxd5 8. dxc5 Bxc5 9. a3 (9. Qc2 $14 )) 8. Nc3 O-O 9. Bg5 {[%emt 0:09:49]
Après quelques minutes, les Blancs optent pour la ligne principale} (9. dxc5)
(9. b3) 9... cxd4 10. Nxd4 h6 11. Bxf6 $6 {[%emt 0:02:29] Les Noirs n'ont pas de problèmes après cet
échange} (11. Be3 $142) 11... Bxf6 12. Nxc6 bxc6 $11 13. Rc1 Re8 (13...
Rb8 14. b3) 14. Na4 Ba6 $1 15. Re1 Qa5 $146 (15... Bb5 16. Nc3 Ba6 17. e3 Qa5
18. Qc2 Rab8 19. b3 Be7 20. Red1 Ba3 21. Rb1 Bb4 22. Ne2 Bxe2 23. Qxe2 Rbd8 24.
Qc2 Re6 25. Rd3 Qb6 26. Rbd1 Rde8 27. Bf3 g6 28. Bg4 Rf6 29. Qb2 Kg7 30. Rc1
Re7 31. Kg2 Bd6 32. Qd2 Bb4 33. Qd1 h5 34. Be2 Re5 35. Rd4 Bc5 36. Rf4 Rfe6 37.
Qc2 Ba3 38. Rd1 Re4 39. Rxe4 Rxe4 40. Bf3 Re6 41. Qc3+ Kg8 42. Rd4 Be7 43. Ra4
Bd8 44. Qd3 a5 45. e4 {Veingold,A (2475)-Martin Gonzalez,A (2415) Benidorm
1993 1/2-1/2}) 16. Qc2 Bb5 17. Nc3 Bxc3 18. bxc3 Bc4 $15 19. Ra1 Rab8 20.
e4 Qa3 $1 21. e5 Qb2 (21... Rb2 22. Qc1 Reb8 $36 ) 22. Qxb2 Rxb2 23. Bh3 Bxa2 24. Bd7 Reb8 $6 {[%emt 0:00:07] Joué à tempo alors
que Re7 était plus précis} (24... Re7 $142 25. Bxc6 Rc7 ) 25. Bxc6 Rd2 26. Rad1 Rbb2 27. Rxd2 Rxd2 28. f4 a5 29. f5 Kf8 30. e6 fxe6 31. Rxe6 Bb3 32. Re8+ Kf7 33. Ra8 Ra2 34. Rd8 a4 35. Bxd5+ $4 Ke7 (35... Ke7 36. Bxb3 axb3 37. Rb8 b2 ) 0-1